 Dungeon Crawl Stone Soup version bcrawl-1.21.2-1-g32d02e0829 (webtiles) character file.

Game seed: 5951762498023762769

57 Mrkan the Poker (level 4, -1/37 HPs)
             Began as a Merfolk Fighter on Feb 23, 2020.
             Was an Initiate of Qazlal.
             Succumbed to Ijyb's poison
             ... on level 3 of the Dungeon.
             The game lasted 00:03:03 (1864 turns).

Mrkan the Poker (Merfolk Fighter)                   Turns: 1864, Time: 00:03:04

Health: -1/37      AC:  0    Str: 22    XL:     4   Next: 0%
Magic:  4/4        EV: 19    Int:  7    God:    Qazlal [......]
Gold:   84         SH:  0    Dex: 18    Spells: 3/3 levels left

rFire    . . .     SeeInvis .   (weapon currently unavailable)
rCold    . . .     Gourm    .   (shield currently unavailable)
rNeg     . . .     Faith    .   (armour currently unavailable)
rPois    .         Spirit   .   (helmet currently unavailable)
rElec    .         Reflect  .   (cloak currently unavailable)
rCorr    .         Harm     .   (gloves currently unavailable)
MR       .....                  (boots currently unavailable)
Stlth    ++........             (no amulet)
HPRegen  0.12/turn              (ring currently unavailable)
MPRegen  0.09/turn              (ring currently unavailable)

@: mighty, lethally poisoned (-1 -> -32), bat-form, flying, very quick
A: tiny, (change form in water), (swift swim), (stealthy swim)
a: Renounce Religion


You were on level 3 of the Dungeon.
You worshipped Qazlal.
Qazlal was noncommittal.
You were not hungry.
You were in bat-form.
You visited 1 branch of the dungeon, and saw 3 of its levels.

You collected 84 gold pieces.

Inventory:

Hand Weapons
 a - a +0 trident (melded)
Armour
 b - a +0 scale mail (melded)
 c - a +0 shield (melded)
Jewellery
 h - an uncursed ring of positive energy {unknown}
Scrolls
 f - a scroll of immolation {unknown}
 i - a scroll of amnesia {unknown}
 l - 2 scrolls of blinking {unknown}
 m - 2 scrolls of identify {unknown}
Potions
 g - a potion of agility {unknown}
 j - a potion of heal wounds {unknown}
 k - 2 potions of mutation {unknown}
 n - a potion of curing {unknown}
Comestibles
 e - 3 rations {!d}
 o - a chunk of flesh


   Skills:
 + Level 3.7 Fighting
 * Level 4.5 Polearms
 - Level 2.1 Armour
 + Level 1.8 Dodging
 + Level 3.4 Shields


You had 3 spell levels left.
You didn't know any spells.
Your spell library was empty.

Dungeon Overview and Level Annotations

Branches:
Dungeon (3/12)

Altars:
Gozag
Qazlal
Xom
Yredelemnul

Annotations:
D:3 Ijyb


Message History

You feel sick. The orc completely misses you.
Ijyb hits you with a +1 dagger of venom.
* * * LOW HITPOINT WARNING * * *
You are more poisoned.
You hit Ijyb.
Ijyb is lightly wounded.
* * * LOW HITPOINT WARNING * * *
You feel sick. The orc completely misses you. Ijyb hits you but does no damage.
You are more poisoned.
You completely miss Ijyb.
Ijyb is lightly wounded.
* * * LOW HITPOINT WARNING * * *
You feel very sick. The orc hits you with a +0 falchion.
* * * LOW HITPOINT WARNING * * *
Ijyb hits you with a +1 dagger of venom.
* * * LOW HITPOINT WARNING * * *
You completely miss Ijyb.
Ijyb is lightly wounded.
You die...

#.# #.# #.#
######.#####
............#
............#######
...........$....>..
............######
#####+####.b#
#.og.# #....#
#...... #.......
#.........
#.........
#..#######


You could see Ijyb and an orc.

Vanquished Creatures
  4 leopard geckos
  2 giant cockroaches (D:1)
  10 goblins
  5 hobgoblins
  2 jackals (D:2)
  5 kobolds
  9 bats
  2 frilled lizards
  11 rats
50 creatures vanquished.

Notes
Turn   | Place    | Note
-------+----------+-------------------------------------------
     0 | D:1      | Mrkan the Merfolk Fighter began the quest for the Orb.
     0 | D:1      | Reached XP level 1. HP: 18/18 MP: 1/1
   145 | D:1      | Reached XP level 2. HP: 18/24 MP: 2/2
   280 | D:1      | Reached skill level 1 in Dodging
   621 | D:1      | Reached XP level 3. HP: 26/29 MP: 3/3
   680 | D:1      | Reached skill level 4 in Polearms
  1134 | D:2      | Found a shimmering altar of Xom.
  1279 | D:2      | Found a basalt altar of Yredelemnul.
  1306 | D:2      | Found an opulent altar of Gozag.
  1422 | D:2      | Found a stormy altar of Qazlal.
  1436 | D:2      | Became a worshipper of Qazlal Stormbringer
  1743 | D:2      | Reached XP level 4. HP: 34/37 MP: 4/4
  1845 | D:3      | Noticed Ijyb
  1863 | D:3      | HP: 1/37 [Ijyb/+1 dagger of venom (1)]
  1864 | D:3      | Succumbed to Ijyb's poison

Skill      XL: |  1  2  3 |
---------------+----------+-----
Dodging        | 1 |  1.8
Polearms       | 4 |  4.5
Fighting       | |  3.7
Armour         | |  2.1
Shields        | |  3.4

Action                   |  1- 3 |  4- 6 || total
-------------------------+-------+-------++-------
Melee: Trident           |   152 |       ||   152
       Unarmed           |       |    13 ||    13
  Use: Potion            |       |     1 ||     1
  Eat: Chunk             |     3 |       ||     3
Armor: Scale mail        |    92 |       ||    92
Dodge: Dodged            |    54 |    13 ||    67
Block: Shield            |    89 |     1 ||    90
